 Dungeon Crawl Stone Soup version 0.27.1-3-gb3d3a73c9e (webtiles) character file.

Game seed: 8276609503564071880

8558 workbot the Basher (level 11, -4/99 HPs)
             Began as a Minotaur Berserker on Oct 14, 2021.
             Was an Elder of Trog.
             Killed from afar by an electric eel (12 damage)
             ... with a bolt of electricity
             ... on level 9 of the Dungeon.
             The game lasted 00:52:28 (8105 turns).

workbot the Basher (Minotaur Berserker)             Turns: 8105, Time: 00:52:28

Health: -4/99      AC: 19    Str: 32    XL:     11   Next: 11%
Magic:  10/10      EV: 12    Int:  4    God:    Trog [****..]
Gold:   263        SH:  0    Dex: 22    Spells: 10/10 levels left

rFire    . . .     SeeInvis .   h - +3 flail (protect)
rCold    x . .     Faith    .   (no shield)
rNeg     + . .     Spirit   .   m - +1 shadow dragon scales of the Grue {rC- Str+3 Dex+6 Stlth++++}
rPois    +         Reflect  .   (helmet restricted)
rElec    .         Harm     .   (no cloak)
rCorr    .         Rampage  .   (no gloves)
Will     .....                  (no boots)
Stlth    +++.......             k - amulet of regeneration
HPRegen  1.26/turn              j - +4 ring of protection
MPRegen  0.12/turn              d - ring of Zebextiy {rN+ Will- Str+4 Dex+6}

@: no status effects
A: horns 2, retaliatory headbutt, poison resistance, MP-powered wands
a: Renounce Religion, Berserk, Trog's Hand, Brothers in Arms


You were on level 9 of the Dungeon.
You worshipped Trog.
Trog was greatly pleased with you.
You visited 2 branches of the dungeon, and saw 10 of its levels.

You collected 432 gold pieces.
You spent 169 gold pieces at shops.

Inventory:

Hand Weapons
 h - a +3 flail of protection (weapon)
 q - a +5 mace
Armour
 m - the +1 shadow dragon scales of the Grue (worn) {rC- Str+3 Dex+6 Stlth++++}
   (You found it on level 7 of the Dungeon)

   Str:       It affects your strength (+3).
   Dex:       It affects your dexterity (+6).
   rC:        It makes you vulnerable to cold.
   Stlth:     It makes you much more stealthy.
Jewellery
 d - the ring of Zebextiy (right hand) {rN+ Will- Str+4 Dex+6}
   (You acquired it on level 6 of the Dungeon)

   [ring of dexterity]

   Str:       It affects your strength (+4).
   Dex:       It affects your dexterity (+6).
   rN:        It protects you from negative energy.
   Will:      It decreases your willpower.
 e - a ring of see invisible
 j - a +4 ring of protection (left hand)
 k - an amulet of regeneration (around neck)
Scrolls
 b - a scroll of fog
 g - 3 scrolls of teleportation
 l - 2 scrolls of identify
 n - a scroll of immolation {unknown}
Potions
 a - 2 potions of curing
 c - 2 potions of haste
 f - 2 potions of might
 i - a potion of resistance


   Skills:
 * Level 9.9 Fighting
 - Level 8.1 Long Blades
 + Level 12.2 Maces & Flails
 * Level 10.6 Armour
 + Level 4.5 Dodging
 - Level 1.3 Stealth


You had 10 spell levels left.
You didn't know any spells.
Your spell library contained the following spells:

 Spells                   Type           Power      Damage    Failure   Level
 Animate Skeleton         Necr           0%         N/A       90%         1
 Magic Dart               Conj           0%         1d3       90%         1
 Pain                     Necr           0%         1d4       90%         1
 Searing Ray              Conj           0%         3d3       97%         2
 Dazzling Flash           Conj/Hex       0%         N/A       99%         3
 Ignite Poison            Fire/Tmut/Pois 0%         N/A       99%         3
 Mephitic Cloud           Conj/Pois/Air  0%         N/A       99%         3
 Vampiric Draining        Necr           0%         2d6       99%         3
 Fulminant Prism          Conj/Hex       0%         3d6       100%        4
 Agony                    Necr           0%         N/A       100%        5
 Bolt of Magma            Conj/Fire/Erth 0%         4d4       100%        5
 Silence                  Hex/Air        0%         N/A       100%        5


Dungeon Overview and Level Annotations

Branches:
Dungeon (9/15)             Temple (1/1) D:4            Lair (0/6) D:9
    Orc: D:9-12

Altars:
Ashenzari
Cheibriados
Elyvilon
Fedhas
Gozag
Hepliaklqana
Kikubaaqudgha
Nemelex Xobeh
Okawaru
Qazlal
Ru
Sif Muna
Uskayaw
Vehumet
Wu Jian
Xom
Yredelemnul
Zin

Shops:
D:5 !*(

Annotations:
D:5 exclusion: statue


Innate Abilities, Weirdness & Mutations

You have a pair of horns on your head.
You reflexively headbutt those who attack you in melee.
Your system is resistant to poisons. (rPois)
You expend magic power (3 MP) to strengthen your wands.


Message History

Your ogre barely misses the electric eel.
The electric eel shoots out a bolt of lightning at you!
The bolt of electricity hits the electric eel.
The electric eel completely resists.
The bolt of electricity hits you but does no damage.
The electric eel shoots out a bolt of lightning at you!
The bolt of electricity hits you!
The orc warrior hits you from afar with a +0 trident.
* * * LOW HITPOINT WARNING * * *
You feel better.
Your ogre hits the electric eel with a +0 giant spiked club!!!
The electric eel dies!
Trog accepts your kill.
You hear a splash.
A bolt of electricity appears from out of your range of vision.
The bolt of electricity hits your ogre!
Your ogre dies!
Your ogre's corpse disappears in a puff of smoke!
The electric eel shoots out a bolt of lightning at you!
The bolt of electricity hits you but does no damage.
The orc warrior misses you.
As you read the scroll of teleportation, it crumbles to dust.
You feel strangely unstable.
An electric eel comes into view.
The electric eel shoots out a bolt of lightning at you!
The bolt of electricity hits you. The orc warrior closely misses you.
The electric eel shoots out a bolt of lightning at you!
The bolt of electricity hits you but does no damage.
The orc warrior hits you from afar with a +0 trident!
* * * LOW HITPOINT WARNING * * *
Your surroundings seem slightly different.
Found a staircase to the Lair.
The electric eel shoots out a bolt of lightning at you!
The bolt of electricity hits you!
* * * LOW HITPOINT WARNING * * *
The electric eel shoots out a bolt of lightning at you!
The bolt of electricity hits you!
* * * LOW HITPOINT WARNING * * *
The bolt of electricity hits you!
You die...

..........§.)...........
...........†............
...........†............
...........†.###########
...≈;..†≈...o#######
.≈≈≈≈.≈.≈≈..........
≈.≈≈≈.≈.≈;≈..#####
.≈≈≈≈.≈≈≈≈≈..#
..≈;≈.≈≈≈≈≈.@#
≈≈.≈≈.≈≈≈≈..........
≈≈≈....≈≈≈...#####.#
≈≈≈≈..≈.≈≈≈..# ...≈≈≈..#
....≈≈..# >.≈.≈≈..#
...≈≈≈...


You could see an orc warrior and an electric eel.

Vanquished Creatures
  2 two-headed ogres
  The ghost of Icepheonix32 the Destroyer, a novice OpCj of Vehumet (D:8)
  The ghost of SquidGame the Cleaver, a novice TeBe of Trog (D:8)
  Pikel (D:4)
  A kobold demonologist (D:9)
  2 trolls (D:9)
  Grinder (D:4)
  A hornet (D:8)
  Sigmund (D:3)
  A wyvern (D:7)
  A fire bat (D:6)
  4 steam dragons
  2 water moccasins
  Duvessa (D:7)
  An orc warrior (D:9)
  2 sky beasts
  An ice beast (D:8)
  A black bear (D:7)
  2 wolves (D:9)
  3 ogres
  2 centaurs
  A necrophage (D:6)
  2 phantoms
  2 lemures (D:4)
  3 bullfrogs
  A gnoll sergeant (D:7)
  2 scorpions
  Dowan (D:7)
  A water moccasin skeleton (D:5)
  6 wights
  A howler monkey (D:9)
  A bullfrog zombie (D:6)
  A jelly (D:5)
  7 orc priests
  10 hounds
  2 bullfrog skeletons
  Natasha (twice) (D:2)
  4 iguanas
  3 orc wizards
  A killer bee zombie (D:8)
  A hound skeleton (D:5)
  A howler monkey zombie (D:7)
  10 gnolls
  7 adders
  2 white imps
  2 worms (D:2)
  3 adder skeletons (D:4)
  2 dart slugs
  21 orcs
  7 ball pythons
  7 bats
  5 endoplasms
  3 giant cockroaches
  7 goblins
  3 hobgoblins
  6 kobolds
  3 quokkas
  A frilled lizard (D:2)
  5 rats
179 creatures vanquished.

Vanquished Creatures (collateral kills)
  An acid dragon (D:7)
  An ice beast (D:7)
  A wolf (D:9)
  A centaur (D:7)
  An electric eel (D:9)
  A hound (D:7)
  A gnoll (D:7)
7 creatures vanquished.

Vanquished Creatures (others)
  An orc (D:9)
1 creature vanquished.

Grand Total: 187 creatures vanquished

Notes
Turn   | Place    | Note
-------+----------+-------------------------------------------
     0 | D:1      | workbot the Minotaur Berserker began the quest for the Orb.
     0 | D:1      | Reached XP level 1. HP: 19/19 MP: 0/0
   194 | D:1      | Found a faded altar of an unknown god.
   368 | D:1      | Reached XP level 2. HP: 27/27 MP: 1/1
   647 | D:1      | You fall into a shaft and drop 1 floor!
   883 | D:2      | Reached XP level 3. HP: 34/34 MP: 2/2
   916 | D:2      | Noticed Natasha
   921 | D:2      | Killed Natasha
  1030 | D:2      | Noticed Natasha
  1036 | D:2      | Killed Natasha
  1037 | D:2      | Reached XP level 4. HP: 41/41 MP: 3/3
  2036 | D:3      | Reached ** piety under Trog
  2168 | D:3      | Found an ornate altar of the Wu Jian Council.
  2168 | D:3      | Found a sparkling altar of Nemelex Xobeh.
  2714 | D:3      | Found a sacrificial altar of Ru.
  2794 | D:4      | Noticed Sigmund
  2803 | D:3      | Killed Sigmund
  2804 | D:3      | Reached skill level 5 in Fighting
  2804 | D:3      | Reached skill level 5 in Long Blades
  2804 | D:3      | Reached XP level 5. HP: 48/48 MP: 4/4
  2804 | D:3      | Reached XP level 6. HP: 56/56 MP: 5/5
  2865 | D:4      | Noticed Pikel
  2891 | D:4      | Noticed Grinder
  2910 | D:4      | Paralysed by Grinder for 7 turns
  2927 | D:4      | Found a staircase to the Ecumenical Temple.
  2929 | D:4      | Killed Grinder
  2930 | D:4      | Reached skill level 1 in Stealth
  2930 | D:4      | Reached XP level 7. HP: 55/61 MP: 6/6
  2959 | Temple   | Entered the Ecumenical Temple
  3216 | D:4      | Killed Pikel
  3217 | D:4      | Reached XP level 8. HP: 64/70 MP: 7/7
  3258 | D:4      | Found an ancient bone altar of Kikubaaqudgha.
  3635 | D:4      | Reached skill level 1 in Maces & Flails
  3829 | D:4      | Reached skill level 2 in Maces & Flails
  3877 | D:4      | Reached skill level 3 in Maces & Flails
  4337 | D:5      | Entered Level 5 of the Dungeon
  4349 | D:5      | Reached skill level 4 in Maces & Flails
  4372 | D:5      | Reached skill level 5 in Maces & Flails
  4409 | D:5      | Found Vauriow's General Store.
  4552 | D:5      | Reached *** piety under Trog
  4557 | D:5      | Reached skill level 6 in Maces & Flails
  4759 | D:5      | Noticed a two-headed ogre
  4771 | D:5      | Killed a two-headed ogre
  4772 | D:5      | Reached skill level 7 in Maces & Flails
  4772 | D:5      | Reached XP level 9. HP: 37/78 MP: 8/8
  4780 | D:5      | Reached skill level 8 in Maces & Flails
  4991 | D:5      | Found Orruhun's Antique Weapon Boutique.
  5101 | D:5      | Found Mogif's Distillery.
  5150 | D:5      | Bought a runed flail for 169 gold pieces
  5404 | D:5      | Found a radiant altar of Vehumet.
  5570 | D:6      | Reached skill level 9 in Maces & Flails
  5598 | D:6      | Gained mutation: You expend magic power (3 MP) to
                  | strengthen your wands. [potion of mutation]
  5598 | D:6      | Gained mutation: Your system is resistant to poisons.
                  | (rPois) [potion of mutation]
  5930 | D:6      | Reached skill level 10 in Maces & Flails
  6207 | D:6      | Identified a scroll of acquirement
  6207 | D:6      | Acquired the ring of Zebextiy {rN+ Will- Str+4 Dex+6}
  6426 | D:7      | Reached **** piety under Trog
  6471 | D:7      | Reached XP level 10. HP: 85/86 MP: 9/9
  6484 | D:7      | Noticed Duvessa
  6484 | D:7      | Noticed Dowan
  6499 | D:7      | Killed Dowan
  6513 | D:7      | Killed Duvessa
  6776 | D:7      | Reached skill level 11 in Maces & Flails
  6820 | D:7      | Identified the +1 shadow dragon scales of the Grue {rC-
                  | Str+3 Dex+6 Stlth++++}
  7328 | D:8      | Found a runed translucent gate.
  7328 | D:8      | Found a runed translucent gate.
  7331 | D:8      | Found a runed translucent gate.
  7332 | D:8      | Noticed Icepheonix32's ghost (novice OpCj)
  7332 | D:8      | Noticed SquidGame's ghost (novice TeBe)
  7353 | D:8      | Killed SquidGame's ghost
  7360 | D:8      | Killed Icepheonix32's ghost
  7533 | D:8      | Found a snail-covered altar of Cheibriados.
  7533 | D:8      | Found a shimmering altar of Xom.
  7575 | D:8      | Found a glowing silver altar of Zin.
  7680 | D:8      | Found a stormy altar of Qazlal.
  7999 | D:9      | Noticed a two-headed ogre
  8011 | D:9      | Reached skill level 10 in Armour
  8012 | D:9      | Killed a two-headed ogre
  8013 | D:9      | Reached skill level 12 in Maces & Flails
  8019 | D:9      | Reached XP level 11. HP: 99/99 MP: 10/10
  8104 | D:9      | Found a staircase to the Lair.
  8105 | D:9      | Killed from afar by an electric eel

Illustrated notes

Levels and vault maps discovered:
D:1:      giann_forest_graveyard, layout_loops_ring,
          ebering_ecumenical_altar_box, chequers_serial_rivers_micro_d
D:2:      layout_basic, roderic_roman_lattice, hangedman_decor_points,
          chequers_serial_rivers_micro_c, uniq_natasha
D:3:      layout_loops_ring, nicolae_overflow_hidden_temple,
          gammafunk_temple_overflow_pools
D:4:      layout_basic, mainiacjoe_overflow_cross_hatched,
          minmay_temple_entry_proselytizer, hangedman_abyss_or_decor_stagger,
          uniq_grinder, uniq_sigmund, uniq_pikel
D:5:      layout_loops_ring, vehumet_statue, serial_shops,
          nicolae_shop_statue_plus, shop, shop
D:6:      cheibrodos_steamvent, layout_basic, portal_sewer_entry_d
D:7:      layout_basic, uniq_duvessa
D:8:      layout_loops_ring, zin_scriptorium, mainiacjoe_overflow_divided_tiny,
          kennysheep_mini_moat, gammafunk_ghost_cemetery
D:9:      layout_long_grid, mainiacjoe_overflow_alcove_3, erik_lair_island,
          enter_bailey_2, minmay_diced_spiral
Temple:   jpeg_temple_island

Skill      XL: |  1  2  3  4  5  6  7  8  9 10 |
---------------+-------------------------------+-----
Fighting       | 4 5 6 7 9 |  9.9
Long Blades    | 4 5 6 8 |  8.1
Armour         | 3 4 6 7 8 10 | 10.6
Dodging        | 3 4 |  4.5
Stealth        | 1 |  1.3
Maces & Flails | 7 10 12 | 12.2

Action                   |  1- 3 |  4- 6 |  7- 9 | 10-12 || total
-------------------------+-------+-------+-------+-------++-------
Melee: Falchion          |    49 |    86 |    24 |       ||   159
       Headbutt          |     8 |    18 |    59 |    51 ||   136
       Flail             |       |       |   217 |   124 ||   341
Invok: Berserk           |       |     1 |     3 |     2 ||     6
       Brothers in Arms  |       |       |       |     2 ||     2
Evoke: Wand              |       |       |     3 |       ||     3
  Use: Scroll            |     3 |     6 |    10 |     3 ||    22
       Potion            |       |     2 |     9 |     2 ||    13
 Stab: Sleeping          |       |       |       |     2 ||     2
       Distracted        |       |       |       |     1 ||     1
Armor: Animal skin       |    12 |       |       |       ||    12
       Ring mail         |       |     5 |       |       ||     5
       Chain mail        |       |    23 |   132 |    22 ||   177
       Shadow dragon sca |       |       |       |    47 ||    47
Dodge: Dodged            |    32 |    37 |   121 |    71 ||   261
       Rpst.: Falchion   |     9 |    12 |     1 |       ||    22
